AoeStats
← tbzachary

Nomad

508156203Analyzed
2v2 RM · 13d ago on Sep 21, 2026· 70m 22s· 4 players
Game mode
Random Map
Map size
176×176
Population
200
Speed
Normal
Resources
Standard
Victory
Conquest
Starting age
Dark Age
Ending age
Imperial Age
RankedLock teamsTeams togetherTeam positionsShared explorationLock speedFull tech treeHidden civsTurbo modeCheats
Victory
Defeat
🇨🇴 Cumans · Colombia
878
+14
🇨🇴 Huns · Colombia
801
+17
🇺🇸 Slavs · United States
851
-16
🇲🇽 Franks · Mexico
813
-15
DarkOmega93
3:59 Loom
15:10 Feudal Age
17:19 Double-Bit Axe
19:50 Castle Age
25:12 Forging
25:21 Scale Barding Armor
25:30 Gold Mining
25:31 Stone Mining
32:02 Chain Barding Armor
31:32 Fletching
32:18 Iron Casting
31:08 Pikeman
35:06 Imperial Age
32:24 Town Watch
34:23 Wheelbarrow
35:04 Wheelbarrow
35:37 Husbandry
37:05 Bow Saw
37:06 Bodkin Arrow
38:12 Blast Furnace
41:00 Hand Cart
41:30 Cavalier
44:58 Plate Barding Armor
45:59 Squires
45:45 Gambesons
45:45 Arson
46:03 Scale Mail Armor
46:27 Conscription
46:28 #83
46:45 Paladin
47:45 Capped Ram
50:36 Chain Mail Armor
tbzachary
4:21 Loom
15:48 Feudal Age
21:49 Castle Age
20:42 Bloodlines
20:40 Scale Barding Armor
20:46 Forging
22:39 Double-Bit Axe
22:41 Horse Collar
24:01 Husbandry
24:07 Husbandry
26:47 Iron Casting
26:33 Chain Barding Armor
27:27 Bow Saw
27:19 Heavy Plow
29:28 Wheelbarrow
31:22 Detinets
35:41 Imperial Age
35:16 Ballistics
37:24 Two-Man Saw
37:14 Plate Barding Armor
37:40 Blast Furnace
36:33 Fletching
37:48 Hand Cart
39:24 Elite Boyar
41:11 Onager
44:55 Chemistry
44:03 Siege Engineers
47:41 Siege Onager
57:20 Light Cavalry
59:28 Hussar
fabadaro10
6:34 Loom
14:20 Feudal Age
19:39 Castle Age
17:59 Double-Bit Axe
19:46 Bloodlines
19:43 Scale Barding Armor
19:48 Forging
21:29 Forging
24:04 Horse Collar
24:56 Town Watch
26:55 Heavy Plow
27:24 Bow Saw
30:13 Wheelbarrow
31:03 Chain Barding Armor
35:09 Hand Cart
37:44 Imperial Age
36:26 Masonry
36:09 Fletching
39:16 Crop Rotation
39:54 Two-Man Saw
40:40 Conscription
43:24 Chemistry
42:44 Ballistics
43:20 Plate Barding Armor
43:20 Iron Casting
43:27 Steppe Husbandry
43:30 Town Patrol
43:39 Elite Steppe Lancer
44:15 Gold Mining
44:15 Stone Mining
46:06 Parthian Tactics
47:14 Gold Shaft Mining
49:46 Blast Furnace
48:47 Padded Archer Armor
49:15 Thumb Ring
49:07 Bodkin Arrow
54:39 Scale Mail Armor
54:55 Leather Archer Armor
54:03 Heavy Cavalry Archer
54:35 Pikeman
55:15 Squires
55:07 Halberdier
58:05 Capped Ram
59:31 Chain Mail Armor
59:26 Siege Ram
60:46 Plate Mail Armor
62:34 Arson
62:58 Murder Holes
DarkMagician26
15:21 Loom
17:58 Feudal Age
19:21 Double-Bit Axe
20:16 Wheelbarrow
23:37 Castle Age
24:25 Bloodlines
24:03 Arson
24:56 Crossbowman
25:54 Town Watch
26:29 Bow Saw
26:09 Horse Collar
28:21 Ballistics
27:58 Murder Holes
27:41 Pikeman
28:21 Squires
27:44 Light Cavalry
28:24 Husbandry
29:15 Thumb Ring
30:09 Padded Archer Armor
29:59 Fletching
30:15 Scale Barding Armor
30:10 Scale Mail Armor
30:20 Forging
30:17 Scale Mail Armor
30:56 Forging
34:07 Hand Cart
34:54 Masonry
34:46 Heavy Plow
39:43 Imperial Age
39:29 Town Patrol
39:48 Gold Mining
39:52 Stone Mining
40:34 Leather Archer Armor
40:14 Bodkin Arrow
40:39 Chain Barding Armor
40:35 Chain Mail Armor
40:55 Iron Casting
41:29 Conscription
46:44 Chemistry
47:36 Halberdier
50:05 Gold Shaft Mining
49:19 Elite Skirmisher
51:31 Hussar
63:31 Blast Furnace
63:06 Plate Barding Armor
62:32 Bracer
65:21 Bracer
Connection lost

Rejoining the realm…

Still unreachable

The connection could not be restored.

Session expired

The server has moved on; the page needs a fresh start.